 Dungeon Crawl Stone Soup version 0.30.1-11-g7821555f0a (webtiles) character file.

Game seed: 10767988599516910846

46 booth the Trooper (level 3, -1/29 HPs)
             Began as a Demonspawn Monk on Nov 3, 2023.
             Slain by a gnoll
             ... wielding a +0 whip of holy wrath
              (7 damage)
             ... on level 2 of the Dungeon.
             The game lasted 00:06:20 (845 turns).

booth the Trooper (Demonspawn Monk)                  Turns: 845, Time: 00:06:20

Health: -1/29      AC:  3    Str: 13    XL:     3   Next: 44%
Magic:  0/3        EV: 13    Int: 11    God:
Gold:   66         SH:  0    Dex: 15    Spells: 2/2 levels left

rFire   . . .        a - +0 hand axe
rCold   . . .        d - orb {light}
rNeg    . . .        b - +1 robe
rPois   .            (no helmet)
rElec   .            (no cloak)
rCorr   .            (no gloves)
SInv    .            (no boots)
Will    .....        j - amulet of guardian spirit
Stlth   +            (no ring)
HPRegen 0.24/turn    (no ring)
MPRegen 0.08/turn

%: guardian spirit
@: glowing
A: foul stench 1
a: no special abilities


You were on level 2 of the Dungeon.
You visited 1 branch of the dungeon, and saw 2 of its levels.

You collected 66 gold pieces.

Inventory:

Hand Weapons
 a - a +0 hand axe (weapon)
 g - a +0 mace
Armour
 b - a +1 robe (worn)
 d - an orb of light (worn)
Jewellery
 f - a ring of wizardry
 j - an amulet of guardian spirit (around neck)
Scrolls
 i - a scroll of enchant armour
 k - a scroll of identify
Potions
 c - a potion of ambrosia
 h - a potion of berserk rage


   Skills:
 + Level 3.4 Fighting
 * Level 3.4 Axes
 + Level 3.1 Dodging


You had 2 spell levels left.
You didn't know any spells.
Your spell library contained the following spells:

 Spells                   Type           Power      Damage    Failure   Level
 Freeze                   Ice            0%         1d3       34%         1
 Frozen Ramparts          Ice            0%         1d1       71%         3
 Hailstorm                Conj/Ice       0%         3d3       71%         3
 Summon Guardian Golem    Hex/Summ       0%         N/A       71%         3
 Orb of Destruction       Conj           0%         9d5       100%        7
 Spellforged Servitor     Conj/Summ      0%         N/A       100%        7


Dungeon Overview and Level Annotations

Branches:
Dungeon (2/15)

Altars:

Shops:
D:1 [


Innate Abilities, Weirdness & Mutations

You may rarely emit foul miasma when damaged in melee.


Message History

The gnoll barely misses you. The bat misses you.
You hit the bat.
You kill the bat!
The gnoll hits you from afar with a +0 spear.
The gnoll hits you with a +0 spear.
You see here a bat corpse.
You hit the gnoll but do no damage. The gnoll hits you with a +0 spear.
You emit a cloud of foul miasma!
You barely miss the gnoll. The gnoll barely misses you.
The gnoll is engulfed in dark miasma.
The gnoll is poisoned.
The gnoll seems to slow down.
The gnoll closely misses you.
You hit the gnoll.
The gnoll is almost dead.
The gnoll is no longer moving slowly.
The gnoll hits you from afar with a +0 spear.
The gnoll is engulfed in dark miasma.
The gnoll looks even sicker.
You kill the gnoll!
You have reached level 3!
Your experience leads to an increase in your attributes!
Increase (S)trength, (I)ntelligence, or (D)exterity?
You feel stronger. x2
The gnoll misses you. The gnoll barely misses you.
You slash the gnoll!
The gnoll is heavily wounded.
The gnoll hits you with a +0 spear.
You hit the gnoll.
The gnoll is severely wounded.
The gnoll barely misses you.
You hit the gnoll.
You kill the gnoll!
The gnoll hits you with a +0 whip of holy wrath.
* * * LOW HITPOINT WARNING * * *
You convulse.
* * * LOW HITPOINT WARNING * * *
You see here a bat corpse.
You hit the gnoll but do no damage. The gnoll barely misses you. x2
You feel better. The gnoll hits you but does no damage.
The gnoll hits you with a +0 whip of holy wrath!
You die...

#........... #.......... #+#
#).....## #.#.# #.)....##
#####.#.#
######.#..###.....#.#
#.................#.###
#....#g##.........#.#..
#....#g#####......#....
#######....#@# #.#.##.#...#
#..........#.#####.#.........
#.#####....).......#.........
#.# #..............###..#.###
#.# #..............#........?
#.# #..............#.#..#.#^.
#.###.....##+####.##.........
#.........##.####.##..###....
#########.##..........# #<...


You could see 2 gnolls.

Vanquished Creatures
  2 gnolls (D:2)
  A bat (D:2)
  An endoplasm (D:1)
  A giant cockroach (D:2)
  A goblin (D:2)
  3 hobgoblins
  4 jackals
  A quokka (D:1)
  A ball python (D:1)
  3 frilled lizards (D:1)
  4 kobolds
  3 rats
25 creatures vanquished.

Notes
Turn   | Place    | Note
-------+----------+-------------------------------------------
     0 | D:1      | booth the Demonspawn Monk began the quest for the Orb.
     0 | D:1      | Reached XP level 1. HP: 18/18 MP: 1/1
   241 | D:1      | Gained mutation: You may rarely emit foul miasma when
                  | damaged in melee. [demonic ancestry]
   241 | D:1      | Reached XP level 2. HP: 21/24 MP: 2/2
   315 | D:1      | Found Piwium's Armour Shoppe.
   837 | D:2      | Reached XP level 3. HP: 12/29 MP: 1/3
   843 | D:2      | HP: 1/29 [gnoll/+0 whip of holy wrath (5)]
   845 | D:2      | Slain by a gnoll

Illustrated notes

Levels and vault maps discovered:
D:1:      co_arrival_hexagon_in_a_hexagon, layout_basic, serial_shops,
          nicolae_shop_stone, nicolae_concentric_dashed_squares_mild,
          serial_bayou_pond_d
D:2:      layout_basic, ebering_ecumenical_altar_mist, minmay_between

Skill      XL: |  1  2 |
---------------+-------+-----
Axes           | 3 |  3.4
Dodging        | 3 |  3.1
Fighting       | |  3.4

Action                     || total
---------------------------++-------
  Melee: Hand axe          ||    65
    Use: Scroll            ||     3
         Potion            ||     2
 Armour: Robe              ||    21
  Dodge: Dodged            ||    68
